 Dungeon Crawl Stone Soup version 0.28-a0-1184-g53156a8862 (webtiles) character file.

Game seed: 14612172020453057024

77 Gwenloh the Sneak (level 4, -2/24 HPs)
             Began as a Kobold Enchanter on Dec 18, 2021.
             Slain by a gnoll shaman (8 damage)
             ... on level 2 of the Dungeon.
             The game lasted 00:13:51 (3109 turns).

Gwenloh the Sneak (Kobold Enchanter)                Turns: 3109, Time: 00:13:52

Health: -2/24      AC:  2    Str:  5    XL:     4   Next: 60%
Magic:  3/7        EV: 15    Int: 16    God:
Gold:   107        SH:  0    Dex: 17    Spells: 2/7 levels left

rFire   . . .      SeeInvis .   a - +1 dagger
rCold   . . .      Faith    .   (shield restricted)
rNeg    . . .      Spirit   .   b - +0 robe
rPois   .          Reflect  .   (no helmet)
rElec   .          Harm     .   (no cloak)
rCorr   .          Rampage  .   (no gloves)
Will    .....                   (no boots)
Stlth   ++++......              (no amulet)
HPRegen 0.08/turn               j - ring of flight
MPRegen 0.10/turn               (no ring)

@: flying
A: small, no large weapons, nightstalker 3
a: no special abilities


You were on level 2 of the Dungeon.
You visited 1 branch of the dungeon, and saw 2 of its levels.

You collected 107 gold pieces.

Inventory:

Hand Weapons
 a - a +1 dagger (weapon)
Missiles
 e - 64 stones (quivered)
 l - 26 bolts
Armour
 b - a +0 robe (worn)
Jewellery
 j - a ring of flight (left hand)
Scrolls
 d - 2 scrolls of immolation {unknown}
 g - a scroll of amnesia {unknown}
 h - a scroll of teleportation {unknown}
 i - a scroll of fear {unknown}
 m - a scroll of magic mapping {unknown}
Potions
 c - a potion of invisibility
 f - a potion of curing
 k - a potion of degeneration {unknown}


   Skills:
 + Level 2.6 Short Blades
 + Level 3.2 Dodging
 * Level 5.3 Stealth
 - Level 2.1 Spellcasting
 + Level 3.5 Hexes


You had 2 spell levels left.
You knew the following spells:

 Your Spells              Type           Power      Damage    Failure   Level
a - Ensorcelled Hibernat  Hex/Ice        14%        N/A       16%         2
b - Confusing Touch       Hex            12%        N/A       14%         3

Your spell library contained the following spells:

 Spells                   Type           Power      Damage    Failure   Level
 Tukima's Dance           Hex            12%        N/A       14%         3
 Dazzling Flash           Conj/Hex       14%        N/A       30%         3


Dungeon Overview and Level Annotations

Branches:
Dungeon (2/15)

Altars:

Shops:
D:1 *


Innate Abilities, Weirdness & Mutations

You are small and have problems with some larger weapons.
You are completely attuned to the shadows.


Message History

Press: ? - help, Shift-Dir - straight line, f - gnoll shaman
Aim: a gnoll shaman, wielding a +0 club and wearing a +0 robe (wandering, hasn't noticed you, chance to affect: 38%)
The gnoll shaman shouts!
The gnoll shaman resists with some effort.
You hear a shout!
Casting: Ensorcelled Hibernation (safe; 16% risk of failure)
Confirm with . or Enter, or press ? or * to list all spells.
The spell is quite dangerous to miscast (14% risk of failure)!
Continue anyway?
Your hands begin to glow red.
A gnoll comes into view. It is wielding a +0 spear.
The gnoll shaman misses you.
You hit the gnoll shaman but do no damage.
The gnoll shaman appears confused.
You hit the gnoll shaman but do no damage.
You hit the gnoll shaman but do no damage.
The gnoll barely misses you.
You hit the gnoll shaman but do no damage.
The gnoll shaman gestures wildly.
The gnoll closely misses you.
You hit the gnoll shaman but do no damage.
The gnoll shaman barely misses you. The gnoll misses you.
You hit the gnoll shaman but do no damage.
The gnoll shaman closely misses you. The gnoll closely misses you.
You hit the gnoll shaman but do no damage.
The gnoll barely misses you.
You hit the gnoll shaman.
The gnoll shaman is lightly wounded.
The gnoll shaman hits you with a +0 club!
You barely miss the gnoll shaman.
The gnoll shaman is lightly wounded.
The gnoll hits you from afar with a +0 spear!
* * * LOW HITPOINT WARNING * * *
The gnoll shaman completely misses you.
You completely miss the gnoll shaman.
The gnoll shaman is lightly wounded.
The gnoll shaman seems less confused.
The gnoll misses you.
You hit the gnoll shaman.
The gnoll shaman is moderately wounded.
The gnoll shaman hits you with a +0 club!
You die...

.# #....†.###......## .#
##.###..........# .#
#.####..#......# ##
#..##....<.....##
##..............#
#########...#.........#
###.....................#
##...#####...##.)g.......#
...### #...##g@........#
.#########...#...........#
.........#....g#.........#
#.............##.........#
..######.####.##....÷....#
### #.# #.##......)..# #.#
#..##.......## #.##
##.###.....## ###
#..####g..#######


You could see a gnoll shaman and 2 gnolls.

Vanquished Creatures
  3 gnolls
  A worm (D:2)
  A dart slug (D:2)
  An orc (D:2)
  7 ball pythons
  2 endoplasms
  A giant cockroach (D:1)
  3 goblins
  3 hobgoblins
  3 jackals
  5 kobolds
  5 bats
  3 frilled lizards (D:1)
  6 rats
44 creatures vanquished.

Notes
Turn   | Place    | Note
-------+----------+-------------------------------------------
     0 | D:1      | Gwenloh the Kobold Enchanter began the quest for the Orb.
     0 | D:1      | Reached XP level 1. HP: 10/10 MP: 3/3
   251 | D:1      | Reached XP level 2. HP: 12/15 MP: 5/5
   254 | D:1      | Learned a level 2 spell: Ensorcelled Hibernation
   662 | D:1      | Found Ujymmuck's Assorted Antiques.
   676 | D:1      | Found a faded altar of an unknown god.
  1320 | D:1      | Reached XP level 3. HP: 8/19 MP: 6/6
  1626 | D:2      | Learned a level 3 spell: Confusing Touch
  2441 | D:1      | Reached skill level 5 in Stealth
  2750 | D:2      | Reached XP level 4. HP: 22/24 MP: 2/7
  3109 | D:2      | Slain by a gnoll shaman

Illustrated notes

Levels and vault maps discovered:
D:1:      dpeg_arrival_oval, layout_basic,
          shapermc_ecumenical_altar_starsandcircs, serial_shops, shop,
          hangedman_decor_clover_reticule, minmay_ruptured
D:2:      layout_rooms

Skill      XL: |  1  2  3 |
---------------+----------+-----
Short Blades   | 2 |  2.6
Dodging        | 3 |  3.2
Stealth        | 5 |  5.3
Spellcasting   | |  2.1
Hexes          | |  3.5

Action                   |  1- 3 |  4- 6 || total
-------------------------+-------+-------++-------
Melee: Dagger            |   142 |    14 ||   156
Throw: Stone             |     3 |       ||     3
 Cast: Ensorcelled Hiber |    13 |     6 ||    19
       Confusing Touch   |     1 |     1 ||     2
  Use: Potion            |     1 |       ||     1
 Stab: Sleeping          |    23 |     3 ||    26
       Confused          |     1 |       ||     1
Armor: Robe              |    28 |       ||    28
Dodge: Dodged            |   135 |    13 ||   148

Table legend: (Time is in decaauts)
 A = Elapsed time spent in this place.
 B = Non-inter-level travel time spent in this place.
 C = Inter-level travel time spent in this place.
 D = Time resting spent in this place.
 E = Time spent auto-exploring this place.
 F = Levels seen in this place.
 G = Mean time per level.
                   A        B        C        D        E       F      G
               +--------+--------+--------+--------+--------+-----+--------+
         Total |   3098 |   3012 |     86 |   1190 |    486 |   2 | 1549.0 |
       Dungeon |   3098 |   3012 |     86 |   1190 |    486 |   2 | 1549.0 |
               +--------+--------+--------+--------+--------+-----+--------+

Top non-repeatable levels by time:
     D:1: 1834 daAuts
     D:2: 1264 daAuts
